 Dungeon Crawl Stone Soup version 0.30-a0-824-g6c64550be9 (webtiles) character file.

Game seed: 15741213810311203049

79 sircluck the Covert (level 4, -4/41 HPs)
             Began as a Gnoll Delver on Feb 27, 2023.
             Slain by a scorpion (5 damage)
             ... on level 5 of the Dungeon.
             The game lasted 00:01:03 (272 turns).

sircluck the Covert (Gnoll Delver)                   Turns: 272, Time: 00:01:03

Health: -4/41      AC:  3    Str: 13    XL:     4   Next: 37%
Magic:  5/5        EV: 13    Int:  9    God:
Gold:   0          SH:  0    Dex: 14    Spells: 5/5 levels left

rFire   . . .      SeeInvis .    a - +0 mace
rCold   . . .      Faith    .    (no shield)
rNeg    . . .      Spirit   .    b - +0 leather armour
rPois   .          Reflect  .    (no helmet)
rElec   .          Harm     .    (no cloak)
rCorr   .          Rampage  .    (no gloves)
Will    .....                    (no boots)
Stlth   ++++                     (no amulet)
HPRegen 0.26/turn                (no ring)
MPRegen 0.09/turn                (no ring)

@: lethally poisoned (-4 -> -20)
A: fangs 1, strong nose, distributed training
a: no special abilities


You were on level 5 of the Dungeon.
You visited 1 branch of the dungeon, and saw 1 of its levels.

Inventory:

Hand Weapons
 a - a +0 mace (weapon)
Armour
 b - a +0 leather armour (worn)
Wands
 g - a wand of digging (3)
Scrolls
 c - a scroll of fog
 d - a scroll of magic mapping
 e - a scroll of fear
 h - a scroll of vulnerability {unknown}
Potions
 f - a potion of haste


   Skills:
 + Level 6.6 Fighting
 + Level 1.2 Short Blades
 + Level 1.2 Long Blades
 + Level 1.2 Axes
 + Level 4.6 Maces & Flails
 + Level 1.2 Polearms
 + Level 1.2 Staves
 + Level 1.2 Ranged Weapons
 + Level 1.2 Throwing
 + Level 1.2 Armour
 + Level 4.6 Dodging
 + Level 9.6 Stealth
 + Level 1.2 Shields
 + Level 1.2 Unarmed Combat
 + Level 1.2 Spellcasting
 + Level 1.0 Conjurations
 + Level 1.0 Hexes
 + Level 1.0 Summonings
 + Level 1.0 Necromancy
 + Level 1.0 Translocations
 + Level 1.0 Transmutations
 + Level 1.0 Fire Magic
 + Level 1.0 Ice Magic
 + Level 1.0 Air Magic
 + Level 1.0 Earth Magic
 + Level 1.0 Poison Magic
 + Level 1.3 Invocations
 + Level 1.2 Evocations


You had 5 spell levels left.
You didn't know any spells.
Your spell library was empty.

Dungeon Overview and Level Annotations

Branches:
Dungeon (5/15)             Temple (0/1) D:5

Altars:

Shops:
D:5 (


Innate Abilities, Weirdness & Mutations

You have very sharp teeth.
Your uncanny sense of smell can sniff out nearby items.
Your experience applies equally to all skills.


Message History

The gnoll hits you with a +0 club. The scorpion barely misses you.
The gnoll closely misses you.
You hit the gnoll.
The gnoll is severely wounded.
The scorpion stings you. The gnoll hits you with a +0 club!
The scorpion closely misses you.
You sock the gnoll!
You kill the gnoll!
The scorpion barely misses you.
Your Conjurations skill increases to level 1!
Your Hexes skill increases to level 1!
Your Summonings skill increases to level 1!
Your Necromancy skill increases to level 1!
Your Translocations skill increases to level 1!
Your Transmutations skill increases to level 1!
Your Fire Magic skill increases to level 1!
Your Ice Magic skill increases to level 1!
Your Air Magic skill increases to level 1!
Your Earth Magic skill increases to level 1!
Your Poison Magic skill increases to level 1!
Things that are here:
a +0 club; a +0 whip You hit the scorpion but do no damage.
The scorpion closely misses you. The scorpion stings you.
You are poisoned.
The scorpion poisons you!
You sock the scorpion!
The scorpion is heavily wounded.
* * * LOW HITPOINT WARNING * * *
You feel very sick. The scorpion stings you.
* * * LOW HITPOINT WARNING * * *
You are more poisoned.
The scorpion poisons you!
You hit the scorpion. Your bite misses the scorpion.
The scorpion is severely wounded.
* * * LOW HITPOINT WARNING * * *
You feel very sick. The scorpion stings you.
You die...

##.## ##...##
#####g....##
#.............
#.###....!#.#)
#.# ##......#
#.# ##...###
#.# ###... #@#
##.# #s# ..
#.#######
#........
#########


You could see a scorpion.

Vanquished Creatures
  An orc priest (D:5)
  An orc wizard (D:5)
  2 gnolls (D:5)
  A dart slug (D:5)
  An orc (D:5)
6 creatures vanquished.

Notes
Turn   | Place    | Note
-------+----------+-------------------------------------------
     0 | D:5      | Reached skill level 9 in Stealth
     0 | D:5      | sircluck the Gnoll Delver began the quest for the Orb.
     0 | D:5      | Reached XP level 1. HP: 23/23 MP: 1/1
    15 | D:5      | Found Xeim's Weapon Boutique.
    25 | D:5      | Noticed an orc priest
    36 | D:5      | Noticed an orc wizard
    38 | D:5      | Killed an orc priest
    39 | D:5      | Reached XP level 2. HP: 20/29 MP: 1/3
    39 | D:5      | Reached XP level 3. HP: 24/35 MP: 1/4
    50 | D:5      | Reached skill level 1 in Short Blades
    50 | D:5      | Reached skill level 1 in Long Blades
    50 | D:5      | Reached skill level 1 in Axes
    50 | D:5      | Reached skill level 1 in Polearms
    50 | D:5      | Reached skill level 1 in Staves
    50 | D:5      | Reached skill level 1 in Ranged Weapons
    50 | D:5      | Reached skill level 1 in Throwing
    50 | D:5      | Reached skill level 1 in Armour
    50 | D:5      | Reached skill level 1 in Shields
    50 | D:5      | Reached skill level 1 in Unarmed Combat
    50 | D:5      | Reached skill level 1 in Spellcasting
    50 | D:5      | Reached skill level 1 in Invocations
    50 | D:5      | Reached skill level 1 in Evocations
    58 | D:5      | Reached XP level 4. HP: 8/41 MP: 2/5
   196 | D:5      | Noticed an ogre
   204 | D:5      | Found a staircase to the Ecumenical Temple.
   258 | D:5      | Noticed a scorpion
   268 | D:5      | Reached skill level 1 in Conjurations
   268 | D:5      | Reached skill level 1 in Hexes
   268 | D:5      | Reached skill level 1 in Summonings
   268 | D:5      | Reached skill level 1 in Necromancy
   268 | D:5      | Reached skill level 1 in Translocations
   268 | D:5      | Reached skill level 1 in Transmutations
   268 | D:5      | Reached skill level 1 in Fire Magic
   268 | D:5      | Reached skill level 1 in Ice Magic
   268 | D:5      | Reached skill level 1 in Air Magic
   268 | D:5      | Reached skill level 1 in Earth Magic
   268 | D:5      | Reached skill level 1 in Poison Magic
   272 | D:5      | HP: 1/41 [poisoned by a scorpion]
   272 | D:5      | Slain by a scorpion

Illustrated notes

Levels and vault maps discovered:
D:5:      layout_loops_ring, minmay_temple_entry_ruins, serial_shops,
          shop_statue, lightli_minifort

Skill      XL: |  1  2  3  4 |
---------------+-------------+-----
Stealth        | |  9.6
Short Blades   | 1 |  1.2
Long Blades    | 1 |  1.2
Axes           | 1 |  1.2
Polearms       | 1 |  1.2
Staves         | 1 |  1.2
Ranged Weapons | 1 |  1.2
Throwing       | 1 |  1.2
Armour         | 1 |  1.2
Shields        | 1 |  1.2
Unarmed Combat | 1 |  1.2
Spellcasting   | 1 |  1.2
Invocations    | 1 |  1.3
Evocations     | 1 |  1.2
Conjurations   | 1 |  1.0
Hexes          | 1 |  1.0
Summonings     | 1 |  1.0
Necromancy     | 1 |  1.0
Translocations | 1 |  1.0
Transmutations | 1 |  1.0
Fire Magic     | 1 |  1.0
Ice Magic      | 1 |  1.0
Air Magic      | 1 |  1.0
Earth Magic    | 1 |  1.0
Poison Magic   | 1 |  1.0
Fighting       | |  6.6
Maces & Flails | |  4.6
Dodging        | |  4.6

Action                     |  1- 3 |  4- 6 || total
---------------------------+-------+-------++-------
  Melee: Mace              |    18 |    20 ||    38
         Bite              |     4 |     2 ||     6
 Armour: Leather armour    |     3 |     1 ||     4
  Dodge: Dodged            |    17 |    26 ||    43

Table legend: (Time is in decaauts)
 A = Elapsed time spent in this place.
 B = Non-inter-level travel time spent in this place.
 C = Inter-level travel time spent in this place.
 D = Time resting spent in this place.
 E = Time spent auto-exploring this place.
 F = Levels seen in this place.
 G = Mean time per level.
                   A        B        C        D        E       F      G
               +--------+--------+--------+--------+--------+-----+--------+
         Total |    278 |    278 |      0 |     23 |    131 |   1 |  278.0 |
       Dungeon |    278 |    278 |      0 |     23 |    131 |   1 |  278.0 |
               +--------+--------+--------+--------+--------+-----+--------+

Top non-repeatable levels by time:
     D:5: 278 daAuts
